 Dungeon Crawl Stone Soup version 0.23.0-3-gf3c87f2 (webtiles) character file.

Game seed: 2323917340913109923

95 paladinox123 the Cudgeler (level 4, -7/38 HPs)
             Began as a Human Monk on Feb 23, 2019.
             Mangled by an ice beast (14 damage)
             ... on level 4 of the Dungeon.
             The game lasted 00:09:58 (1171 turns).

paladinox123 the Cudgeler (Human Monk)              Turns: 1171, Time: 00:09:59

Health: -7/38      AC:  5    Str: 13    XL:     4   Next: 97%
Magic:  4/4        EV: 13    Int: 10    God:
Gold:   118        SH:  0    Dex: 15    Spells: 3/3 levels left

rFire    . . .     SeeInvis .   a - +0 mace
rCold    . . .     Gourm    .   (no shield)
rNeg     . . .     Faith    +   h - +0 leather armour
rPois    .         Spirit   .   f - +1 helmet
rElec    .         Reflect  .   (no cloak)
rCorr    .         Harm     .   (no gloves)
MR       .....     Clarity  +   (no boots)
Stlth    ++........             k - amulet of faith
HPRegen  0.12/turn              (no ring)
MPRegen  0.09/turn              (no ring)

@: no status effects
A: clarity, robust 1
a: no special abilities


You were on level 4 of the Dungeon.
You were full.

You visited 1 branch of the dungeon, and saw 4 of its levels.

You collected 118 gold pieces.

Inventory:

Hand Weapons
 a - a +0 mace (weapon)
Armour
 f - a +1 helmet (worn)
 h - a +0 leather armour (worn)
Jewellery
 k - an amulet of faith (around neck)
Wands
 i - a wand of random effects (22)
Scrolls
 d - 2 scrolls of remove curse
Potions
 g - a potion of resistance
 j - a potion of curing
Comestibles
 b - 2 rations


   Skills:
 + Level 3.4 Fighting
 + Level 3.9 Maces & Flails
 + Level 1.2 Armour
 + Level 3.6 Dodging
 + Level 2.4 Stealth


You had 3 spell levels left.
You didn't know any spells.
Your spell library was empty.

Dungeon Overview and Level Annotations

Branches:
Dungeon (4/15)
 Temple: D:4-7

Altars:
Xom


Innate Abilities, Weirdness & Mutations

You possess an exceptional clarity of mind.
You are robust. (+10% HP)


Message History

The ice beast hits you but does no damage.
You closely miss the ice beast.
The ice beast is moderately wounded.
The ice beast barely misses you.
You hit the ice beast but do no damage.
The ice beast is moderately wounded.
The ice beast barely misses you.
You closely miss the ice beast.
The ice beast is moderately wounded.
The ice beast hits you but does no damage.
The ice beast closely misses you.
You hit the ice beast but do no damage.
The ice beast is moderately wounded.
The ice beast hits you but does no damage.
You closely miss the ice beast.
The ice beast is moderately wounded.
The ice beast hits you.
* * * LOW HITPOINT WARNING * * *
The ice beast freezes you!
You die...

#.###..... .#
##........##.##
#.........#...#
##.............#
................
....%...........
..#.....<..# #..>..Y...#
#.....@...# ##
........#..### .#.#
###.....#..... ...#
#......##..## ....#
#...... ....#####.##..
......... ..###.#...#..
.......... #.##.....# ..
#.##......##.#.....####.
.[.........>........


You could see an ice beast.

Vanquished Creatures
  A howler monkey (D:3)
  2 adders
  2 leopard geckos (D:3)
  2 orcs
  2 bats
  A giant cockroach (D:2)
  3 goblins
  5 hobgoblins
  2 quokkas (D:3)
  4 frilled lizards
  2 jackal skeletons (D:4)
  7 kobolds
  3 rats
36 creatures vanquished.

Notes
Turn   | Place    | Note
-------+----------+-------------------------------------------
     0 | D:1      | paladinox123 the Human Monk began the quest for the Orb.
     0 | D:1      | Reached XP level 1. HP: 18/18 MP: 1/1
   131 | D:1      | Reached XP level 2. HP: 24/24 MP: 2/2
   409 | D:3      | Reached XP level 3. HP: 10/29 MP: 3/3
   415 | D:3      | Gained mutation: You are robust. (+10% HP) [potion of
                  | mutation]
   415 | D:3      | Gained mutation: You possess an exceptional clarity of
                  | mind. [potion of mutation]
   619 | D:3      | Reached XP level 4. HP: 38/38 MP: 4/4
   763 | D:3      | Reached skill level 1 in Armour
   960 | D:4      | Noticed an ice beast
  1009 | D:4      | Found a shimmering altar of Xom.
  1171 | D:4      | Mangled by an ice beast

Skill      XL: |  1  2  3  4 |
---------------+-------------+-----
Armour         | 1 |  1.2
Fighting       | |  3.4
Maces & Flails | |  3.9
Dodging        | |  3.6
Stealth        | |  2.4

Action                   |  1- 3 |  4- 6 || total
-------------------------+-------+-------++-------
Melee: Mace              |    42 |    33 ||    75
       Morningstar       |    16 |    41 ||    57
  Use: Scroll            |     6 |     5 ||    11
       Potion            |     1 |     2 ||     3
 Stab: Sleeping          |     1 |       ||     1
  Eat: Ration            |     1 |     1 ||     2
Armor: Robe              |     2 |       ||     2
       Leather armour    |    11 |    34 ||    45
Dodge: Dodged            |    48 |    77 ||   125
